 Dungeon Crawl Stone Soup version 0.24-a0-415-g6d73c25c48 (webtiles) character file.

Game seed: 16534355597877049560

1114 Lanoc the Cudgeler (level 8, -2/73 HPs)
             Began as a Naga Chaos Knight on June 7, 2019.
             Was a Plaything of Xom.
             Killed by nerve-wracking pain
             ... invoked by a shadow imp
              (13 damage)
             ... on level 5 of the Dungeon.
             The game lasted 00:08:18 (3008 turns).

Lanoc the Cudgeler (Naga Chaos Knight)              Turns: 3008, Time: 00:08:19

Health: -2/73      AC:  6    Str: 16    XL:     8   Next: 34%
Magic:  8/8        EV: 11    Int: 17    God:    Xom [.*....]
Gold:   124        SH:  9    Dex: 14    Spells: 6/7 levels left

rFire    + . .     SeeInvis +   a - +0 mace (chaos)
rCold    . . .     Gourm    .   v - +0 buckler
rNeg     . . .     Faith    .   b - +2 leather armour
rPois    +         Spirit   .   (no helmet)
rElec    .         Reflect  +   (no cloak)
rCorr    .         Harm     .   (no gloves)
MR       +....                  (no barding)
Stlth    +.........             e - +5 amulet of reflection
HPRegen  0.22/turn              d - ring of protection from fire
MPRegen  0.11/turn              l - +2 ring of dexterity

@: brilliant, hasted, quick
A: large, see invisible, deformed body, poison resistance, slowness 2, slow
metabolism 1, spit poison 1, AC +2
a: Spit Poison, Renounce Religion


You were on level 5 of the Dungeon.
You worshipped Xom.
You were a plaything of Xom.
You were not hungry.

You visited 2 branches of the dungeon, and saw 6 of its levels.

You collected 300 gold pieces.
You spent 176 gold pieces at shops.

Inventory:

Hand Weapons
 a - a +0 mace of chaos (weapon)
 y - a +0 dire flail of venom
Armour
 b - a +2 leather armour (worn)
 v - a +0 buckler (worn)
Jewellery
 d - a ring of protection from fire (left hand)
 e - a +5 amulet of reflection (around neck)
 l - a +2 ring of dexterity (right hand)
Scrolls
 f - a scroll of immolation {unknown}
 h - a scroll of remove curse
 j - a scroll of fog
 k - 4 scrolls of identify
 m - 2 scrolls of teleportation
 q - a scroll of amnesia {unknown}
 r - a scroll of enchant weapon {unknown}
 t - a scroll of noise {unknown}
 w - 2 scrolls of enchant armour {unknown}
Potions
 g - 3 potions of curing
 u - a potion of flight
 z - a potion of haste
Comestibles
 c - 12 rations


   Skills:
 + Level 4.9 Fighting
 * Level 6.4 Maces & Flails
 + Level 3.7 Armour
 + Level 3.2 Dodging
 + Level 2.3 Shields


You had 6 spell levels left.
You knew the following spells:

 Your Spells              Type           Power        Failure   Level  Hunger
a - Apportation           Tloc           ##....       3%          1    ##.....

Your spell library contained the following spells:

 Spells                   Type           Power        Failure   Level  Hunger
 Animate Skeleton         Necr           N/A          3%          1    ##.....
 Confusing Touch          Hex            ##....       3%          1    ##.....
 Summon Small Mammal      Summ           ##..         3%          1    ##.....


Dungeon Overview and Level Annotations

Branches:
Dungeon (5/15)             Temple (1/1) D:4

Altars:
Ashenzari
Gozag
Hepliaklqana
Sif Muna
Xom

Shops:
D:4 !

Annotations:
D:5 Prince Ribbit


Innate Abilities, Weirdness & Mutations

You cannot wear boots.
Your serpentine skin is tough. (AC +2)
You have supernaturally acute eyesight. (SInv)
Armour fits poorly on your strangely shaped body.
Your system is resistant to poisons. (rPois)
You cover ground very slowly.
You have a slow metabolism.
You can spit poison.


Message History

Prince Ribbit barely misses you.
You hit Prince Ribbit.
Prince Ribbit seems to speed up.
Prince Ribbit is moderately wounded.
You block Prince Ribbit's attack. You block the shadow imp's attack.
Prince Ribbit hits you!
You closely miss Prince Ribbit.
Prince Ribbit is moderately wounded.
Prince Ribbit is no longer moving slowly.
The shadow imp hits you but does no damage.
Prince Ribbit hits you!
* * * LOW HITPOINT WARNING * * *
You feel much better. Prince Ribbit hits you!
The shadow imp hits you but does no damage.
Prince Ribbit hits you!
You feel yourself speed up. Prince Ribbit hits you!
* * * LOW HITPOINT WARNING * * *
The shadow imp gestures at you. Pain shoots through your body!
You die...
Xom snickers!

...#.............#...............
#'##.............##'##..###..####
.......#########...<.#..###+## #.
.......# #.....#....# #. .......#
#.....#....# #. .......#
#.....#....# #. .......#
#.....#....# #. ########
#.....#....# #. #@F...#....# #.
+#####5....#....# +.
..........(.###### .)..........#
........(...# ........=...#
............# ............#
....5.......#


You could see Prince Ribbit and a shadow imp.

Vanquished Creatures
  Sigmund (D:4)
  A redback (shapeshifter) (D:4)
  Edmund (D:4)
  A sky beast (D:5)
  An ogre (D:4)
  2 scorpions
  A centaur zombie (D:4)
  3 hounds (D:5)
  An orc wizard (D:4)
  An iguana (D:4)
  3 worker ants
  6 adders
  A shadow imp (D:5)
  2 oozes
  A worm (D:4)
  4 dart slugs
  6 leopard geckos
  8 orcs
  2 bats
  7 giant cockroaches
  9 goblins
  4 hobgoblins
  A jackal (D:3)
  A quokka (D:4)
  A ball python (D:4)
  3 frilled lizards
  6 kobolds
  4 rats
82 creatures vanquished.

Vanquished Creatures (collateral kills)
  An adder (D:2)
1 creature vanquished.

Grand Total: 83 creatures vanquished

Notes
Turn   | Place    | Note
-------+----------+-------------------------------------------
     0 | D:1      | Lanoc the Naga Chaos Knight began the quest for the Orb.
     0 | D:1      | Reached XP level 1. HP: 21/21 MP: 1/1
    74 | D:1      | Reached skill level 1 in Dodging
    74 | D:1      | Reached XP level 2. HP: 28/28 MP: 2/2
   249 | D:1      | XOM: divination: detect creatures
   278 | D:1      | XOM: silly message
   300 | D:1      | XOM: harmless Erth miscast
   395 | D:1      | Reached XP level 3. HP: 33/34 MP: 3/3
   458 | D:1      | XOM: harmless Chrm miscast
   517 | D:2      | Learned a level 1 spell: Apportation
   649 | D:2      | XOM is BORED!
   649 | D:2      | XOM: harmless Tmut miscast
   658 | D:2      | Found an opulent altar of Gozag.
   687 | D:2      | Found a shimmering altar of Xom.
   688 | D:2      | Found a hazy altar of Hepliaklqana.
   688 | D:2      | Noticed a torpor snail
   689 | D:2      | Noticed a torpor snail
   689 | D:2      | Noticed a spectral ugly thing
   739 | D:2      | XOM: divination: magic mapping
   853 | D:2      | XOM: silly message
   893 | D:3      | Reached XP level 4. HP: 35/42 MP: 4/4
  1184 | D:3      | Reached skill level 4 in Maces & Flails
  1210 | D:3      | XOM: silly message
  1227 | D:3      | Reached XP level 5. HP: 34/50 MP: 5/5
  1675 | D:4      | Noticed Edmund
  1688 | D:4      | Killed Edmund
  1688 | D:4      | Reached XP level 6. HP: 24/57 MP: 6/6
  1756 | D:4      | Reached skill level 5 in Maces & Flails
  1785 | D:4      | Noticed a glowing shapeshifter
  1785 | D:4      | a worm changed into a glowing shapeshifter
  1785 | D:4      | Noticed a redback
  1785 | D:4      | a glowing shapeshifter changed into a redback
  1794 | D:4      | Killed a redback
  1794 | D:4      | Reached skill level 1 in Shields
  1794 | D:4      | Reached XP level 7. HP: 44/64 MP: 7/7
  1853 | D:4      | XOM: confusion (+ monsters)
  1906 | D:4      | Found Ututh's Distillery.
  1913 | D:4      | Bought a potion of degeneration for 11 gold pieces
  1913 | D:4      | Bought a potion of heal wounds for 55 gold pieces
  1913 | D:4      | Bought a potion of haste for 110 gold pieces
  1941 | D:4      | Noticed Sigmund
  1952 | D:4      | XOM: noise
  1965 | D:4      | Killed Sigmund
  2259 | D:4      | Found a staircase to the Ecumenical Temple.
  2273 | Temple   | Entered the Ecumenical Temple
  2356 | D:4      | Reached skill level 6 in Maces & Flails
  2359 | D:4      | Reached XP level 8. HP: 52/73 MP: 8/8
  2463 | D:4      | XOM: harmless Air miscast
  2560 | D:4      | Found a deep blue altar of Sif Muna.
  2567 | D:4      | Found a shattered altar of Ashenzari.
  2606 | D:5      | Entered Level 5 of the Dungeon
  2655 | D:5      | XOM: divination: detect creatures
  2799 | D:5      | Noticed Prince Ribbit
  2802 | D:5      | XOM: mild Chrm miscast
  2804 | D:5      | HP: 3/73 [centaur/arrow (10)]
  3008 | D:5      | Killed from afar by a shadow imp

Levels and vault maps discovered:
D:1:      saegor_arrival_simple_e, layout_basic, hangedman_glass_teeth
D:2:      layout_rooms, regret_index_temple_of_mockery,
          chequers_serial_rivers_micro_e, grunt_gozag_statues
D:3:      layout_basic, supply_closet_lemuel, minmay_joined_circles
D:4:      layout_loops_ring, amethyst_overflow_temple_binary,
          minmay_temple_entry_glassed_door, serial_shops, shop_statue,
          minmay_fractal_squares_gapless_5, uniq_edmund, uniq_sigmund
D:5:      layout_gridville, first_ration, uniq_prince_ribbit1
Temple:   regret_index_temple_sphere_string

Skill      XL: |  1  2  3  4  5  6  7  8 |
---------------+-------------------------+-----
Dodging        | 1 2 3 |  3.2
Armour         | 2 3 |  3.7
Maces & Flails | 4 5 6 |  6.4
Fighting       | 4 |  4.9
Shields        | 1 2 |  2.3

Action                   |  1- 3 |  4- 6 |  7- 9 || total
-------------------------+-------+-------+-------++-------
Melee: Mace              |    81 |   105 |   133 ||   319
 Abil: Spit Poison       |       |     3 |     5 ||     8
  Use: Potion            |       |     1 |     7 ||     8
       Scroll            |       |     6 |     2 ||     8
 Stab: Paralysed         |     1 |     4 |       ||     5
       Petrified         |       |       |     3 ||     3
  Eat: Chunk             |       |     3 |     3 ||     6
Armor: Leather armour    |    19 |    26 |    36 ||    81
Dodge: Dodged            |    53 |    39 |    41 ||   133
Block: Other             |    22 |    15 |       ||    37
       Buckler           |       |    17 |    62 ||    79
       Reflection        |       |       |     2 ||     2

Table legend:
 A = Non-vault XP
 B = Vault XP
 C = Vault XP percentage of total XP
 D = Non-vault monster count
 E = Vault monster count
 F = Vault count percentage of total count
                 A         B        C        D         E       F
            +---------+---------+-------+---------+---------+-------
      Total |    1004 |     588 |  36.9 |      65 |      18 |  21.7
            +---------+---------+-------+---------+---------+-------
        D:1 |      35 |       0 |   0.0 |      18 |       0 |   0.0
        D:2 |      41 |       0 |   0.0 |      11 |       0 |   0.0
        D:3 |      61 |     120 |  66.3 |      14 |      12 |  46.2
        D:4 |     494 |     468 |  48.6 |      13 |       6 |  31.6
        D:5 |     373 |       0 |   0.0 |       9 |       0 |   0.0
            +---------+---------+-------+---------+---------+-------
